 Dungeon Crawl Stone Soup version 0.25-a0-464-g3004169c2b (webtiles) character file.

Game seed: 711194859353573193, levelgen mode: deterministic

156319 Kohma the Severer (level 17, -10/161 HPs)
             Began as a Minotaur Berserker on Feb 5, 2020.
             Was a High Priest of Trog.
             Mangled by Agnes
             ... wielding a +5 lajatang of electrocution
              (18 damage)
             ... on level 1 of the Snake Pit.
             The game lasted 01:37:55 (29150 turns).

Kohma the Severer (Minotaur Berserker)             Turns: 29150, Time: 01:37:56

Health: -10/161    AC: 27    Str: 27    XL:     17   Next: 10%
Magic:  21/21      EV: 13    Int:  4    God:    Trog [*****.]
Gold:   1081       SH:  5    Dex: 12    Spells: 16/16 levels left

rFire    . . .     SeeInvis .   a - +2 executioner's axe (freeze)
rCold    + . .     Gourm    .   (shield currently unavailable)
rNeg     . . .     Faith    .   r - +2 scale mail {rPois}
rPois    +         Spirit   .   O - +2 hat {MR+}
rElec    .         Reflect  +   n - +1 cloak
rCorr    .         Harm     .   M - +2 pair of gloves
MR       ++++.                  L - +1 pair of boots
Stlth    ..........             Y - +5 amulet of reflection
HPRegen  1.36/turn              A - +4 ring of protection
MPRegen  0.17/turn              s - ring of protection from cold

@: regenerating
A: retaliatory headbutt, horns 2, low mp 1
a: Berserk, Trog's Hand, Brothers in Arms, Renounce Religion


You were on level 1 of the Snake Pit.
You worshipped Trog.
Trog was extremely pleased with you.
You were not hungry.

You visited 5 branches of the dungeon, and saw 25 of its levels.
You also visited: Sewer, Bailey and Ice Cave.

You collected 2329 gold pieces.
You spent 1248 gold pieces at shops.

Inventory:

Hand Weapons
 a - a +2 executioner's axe of freezing (weapon)
 b - a +4 battleaxe of flaming
 Z - a +2 antimagic battleaxe
Missiles
 y - 6 curare-tipped darts (quivered)
Armour
 n - a +1 cloak (worn)
 r - a +2 scale mail of poison resistance (worn)
 L - a +1 pair of boots (worn)
 M - a +2 pair of gloves (worn)
 O - a +2 hat of magic resistance (worn)
Jewellery
 p - an uncursed amulet of the acrobat
 s - a ring of protection from cold (right hand)
 u - an uncursed ring of protection from magic
 A - a +4 ring of protection (left hand)
 D - an uncursed ring of resist corrosion
 K - an uncursed ring of poison resistance
 Q - an uncursed ring of see invisible
 X - a +3 ring of slaying
 Y - a +5 amulet of reflection (around neck)
Wands
 w - a wand of flame (31)
 x - a wand of acid (20)
 C - a wand of disintegration (17)
 F - a wand of enslavement (5)
 G - a wand of digging (16)
 H - a wand of iceblast (18)
 J - a wand of paralysis (27)
Scrolls
 e - 25 scrolls of remove curse
 f - 5 scrolls of enchant armour
 g - 9 scrolls of teleportation
 j - 4 scrolls of immolation
 k - 3 scrolls of fog
 B - 7 scrolls of fear
 N - 5 scrolls of blinking
 P - a scroll of silence
 R - 4 scrolls of summoning
 V - 3 scrolls of identify
Potions
 d - 8 potions of heal wounds
 h - 9 potions of might
 i - 6 potions of magic
 l - 3 potions of cancellation
 m - 3 potions of ambrosia
 o - 21 potions of curing
 q - a potion of agility
 t - 6 potions of invisibility
 z - 4 potions of flight
 E - 6 potions of mutation
 I - 6 potions of haste
Miscellaneous
 v - a box of beasts
 S - a fan of gales
 T - 2 phantom mirrors
Comestibles
 c - 26 rations


   Skills:
 - Level 17.0 Fighting
 * Level 20.9 Axes
 - Level 16.0 Armour
 - Level 6.0 Dodging
 - Level 10.0 Evocations


You had 16 spell levels left.
You didn't know any spells.
Your spell library was empty.

Dungeon Overview and Level Annotations

Branches:
Dungeon (15/15)            Temple (1/1) D:6            Lair (6/6) D:10
 Shoals (0/4) Lair:3        Snake (1/4) Lair:3        Slime (0/5) Lair:6
    Orc (2/2) D:11            Elf (0/3) Orc:2        Vaults (0/5) D:13
 Depths (0/5) D:15          Sewer (visited)          Bailey (visited)
  IceCv (visited)

Altars:
Ashenzari
Cheibriados
Dithmenos
Elyvilon
Fedhas
Gozag
Hepliaklqana
Kikubaaqudgha
Makhleb
Nemelex Xobeh
Okawaru
Qazlal
Ru
Sif Muna
Trog
Uskayaw
Vehumet
Wu Jian
Xom
Yredelemnul
Zin
The Shining One
Beogh

Shops:
D:8 [?*(%   D:10 !   D:14 *   Orc:2 :((!   Snake:1 %

Portals:
Abyss: D:6

Annotations:
D:6 2 transporters, astraldaughter's ghost, novice BaMo
Lair:5 1 runed translucent door, exclusion: door, Pyiniag's ghost, journeyman VSWn
Snake:1 Agnes


Innate Abilities, Weirdness & Mutations

You reflexively headbutt those who attack you in melee.
You have a pair of horns on your head.
Your magical capacity is low. (-10% MP)


Message History

Agnes is almost dead.
Agnes closely misses you.
You miss Agnes. Your headbutt misses Agnes.
Agnes is almost dead.
Agnes hits you with a +5 lajatang of electrocution!!
* * * LOW HITPOINT WARNING * * *
Agnes hits you with a +5 lajatang of electrocution.
* * * LOW HITPOINT WARNING * * *
You are electrocuted!!
* * * LOW HITPOINT WARNING * * *
You feel much better.
Agnes hits you with a +5 lajatang of electrocution.
* * * LOW HITPOINT WARNING * * *
Your skin crawls.
You feel resistant to hostile enchantments.
You feel quite a bit more hungry.
Agnes hits you with a +5 lajatang of electrocution!
* * * LOW HITPOINT WARNING * * *
Agnes hits you with a +5 lajatang of electrocution!!
You die...

#............. ...
..##.......... ..#
...#......#...#######.##
##.......###...........##
###.....###.............##
.##..#####)..............#
#.##.### #.......=.......#
##.....####.....i......#.#
##......#.......@........##
#........###...........##.#
#........###..........##..#
..........###........###..#
...........##........##...#
...........##..........)..#
............#.....####...##
.............##.### ##..#
..............### ##..##


You could see Agnes.

Vanquished Creatures
  Frances (D:13)
  Gastronok (Lair:1)
  Roxanne (D:14)
  A hydra (shapeshifter) (D:15)
  2 vault guards (D:13)
  Erolcha (Orc:2)
  2 naga warriors (Snake:1)
  A death knight (D:15)
  9 hydras
  2 ogre magi
  A merfolk avatar (Lair:6)
  3 centaur warriors
  2 anacondas (Lair:5)
  10 two-headed ogres
  An alligator (Lair:4)
  A naga sharpshooter (Snake:1)
  Nergalle (Orc:1)
  A fire crab (Lair:6)
  A skeletal warrior (D:15)
  A naga ritualist (Snake:1)
  4 wizards (D:13)
  A harpy (Lair:6)
  2 orc knights
  4 swamp dragons (Lair:4)
  A wolf spider (D:15)
  2 mana vipers (Snake:1)
  9 orc sorcerers (Orc:2)
  16 ugly things
  2 oklob plants
  4 cyclopes
  A salamander (Snake:1)
  3 manticores
  2 deep elf magi
  An elephant (Lair:6)
  4 naga magi (Snake:1)
  12 black mambas
  Psyche (D:12)
  A gargoyle (D:13)
  13 spiny frogs
  3 centaur skeletons
  3 ice statues (IceCv)
  2 molten gargoyles (D:12)
  An efreet (D:14)
  A freezing wraith (D:15)
  13 komodo dragons
  5 rime drakes
  5 trolls
  A wind drake (Lair:6)
  A hornet (D:12)
  9 blink frogs
  4 polar bears
  30 slime creatures
  2 blink frogs (shapeshifter)
  6 hippogriffs
  56 yaks
  2 wraiths
  2 shadows (D:13)
  4 water elementals (D:14)
  A vampire (D:14)
  2 wyverns
  2 basilisks
  10 vampire mosquitoes
  Grum (D:9)
  3 hogs (D:7)
  20 humans
  4 hungry ghosts
  A warg (Orc:2)
  A naga (Snake:1)
  3 swamp worms (Lair:4)
  21 water moccasins
  2 soldier ants
  6 porcupines
  A hornet zombie (D:12)
  12 ice beasts
  20 orc warriors
  2 sky beasts
  An eye of draining (D:11)
  2 necrophages
  11 ogres
  3 phantoms
  11 wolves
  28 centaurs
  3 big kobolds
  7 crocodiles
  21 bullfrogs
  2 wyvern zombies
  A scorpion (D:12)
  A water moccasin skeleton (D:4)
  6 killer bees (D:12)
  4 howler monkeys
  5 electric eels
  6 crimson imps
  3 centaur zombies
  5 lava snakes (D:12)
  A quasit (D:10)
  37 orc wizards
  8 hounds
  8 jellies
  15 orc priests
  5 iguanas
  9 worker ants
  A killer bee zombie (D:10)
  A hound skeleton (D:11)
  A howler monkey zombie (D:8)
  17 gnolls
  A worker ant zombie (D:4)
  10 adders
  5 river rats (Sewer)
  4 shadow imps
  4 oozes
  An adder zombie (D:7)
  3 adder skeletons
  5 worms
  A dart slug (D:3)
  4 leopard geckos
  83 orcs
  12 bats
  5 giant cockroaches
  11 hobgoblins
  17 jackals
  42 kobolds
  4 quokkas
  7 ball pythons
  4 frilled lizards
  14 goblins
  A jackal zombie (D:2)
  2 quokka skeletons
  A quokka zombie (D:6)
  32 rats
  4 fungi
  13 plants
  2 toadstools (D:1)
903 creatures vanquished.

Vanquished Creatures (others)
  A naga (Snake:1)
  An orc wizard (Orc:2)
  12 fungi
  19 plants
  2 toadstools (D:1)
35 creatures vanquished.

Grand Total: 938 creatures vanquished

Notes
Turn   | Place    | Note
-------+----------+-------------------------------------------
     0 | D:1      | Kohma the Minotaur Berserker began the quest for the Orb.
     0 | D:1      | Reached XP level 1. HP: 19/19 MP: 0/0
    95 | D:1      | Reached skill level 4 in Axes
   309 | D:1      | Reached XP level 2. HP: 25/26 MP: 1/1
   734 | D:1      | Reached skill level 5 in Axes
  1184 | D:2      | Found a stormy altar of Qazlal.
  1311 | D:2      | Reached XP level 3. HP: 31/31 MP: 2/2
  1369 | D:2      | Reached ** piety under Trog
  1413 | D:2      | Found a sparkling altar of Nemelex Xobeh.
  1413 | D:2      | Found a radiant altar of Vehumet.
  1413 | D:2      | Found a basalt altar of Yredelemnul.
  1993 | D:3      | Reached skill level 6 in Axes
  1993 | D:3      | Reached XP level 4. HP: 39/39 MP: 3/3
  2158 | D:3      | Found a blossoming altar of Fedhas.
  2632 | D:3      | Reached *** piety under Trog
  2851 | D:4      | Noticed an ogre
  2857 | D:4      | Killed an ogre
  2857 | D:4      | Reached XP level 5. HP: 19/47 MP: 4/4
  3140 | D:4      | Reached skill level 5 in Fighting
  3192 | D:4      | Reached XP level 6. HP: 45/56 MP: 5/5
  3681 | D:4      | Reached skill level 5 in Armour
  4020 | D:5      | Entered Level 5 of the Dungeon
  4216 | D:5      | Reached XP level 7. HP: 63/63 MP: 6/6
  4223 | D:5      | Found a sacrificial altar of Ru.
  4687 | D:6      | Reached skill level 7 in Axes
  4769 | D:6      | Found a staircase to the Ecumenical Temple.
  4869 | D:6      | Found a transporter.
  4890 | D:6      | Reached XP level 8. HP: 70/70 MP: 7/7
  5131 | D:6      | Found a glowing drain.
  5144 | Sewer    | Entered a sewer
  5200 | Sewer    | Reached skill level 8 in Axes
  5271 | Sewer    | Reached **** piety under Trog
  5889 | D:6      | Reached skill level 9 in Axes
  5898 | Temple   | Entered the Ecumenical Temple
  6078 | D:6      | Found a transporter.
  6080 | D:6      | Noticed a toenail golem
  6082 | D:6      | Noticed a brown ugly thing
  6084 | D:6      | Found a one-way gate to the infinite horrors of the Abyss.
  6084 | D:6      | Noticed astraldaughter's ghost (novice BaMo)
  6085 | D:6      | Identified the +6 flail of Drought {distort, +Fly rF- MR+++
                  | Int+3}
  6584 | D:7      | Reached ***** piety under Trog
  6584 | D:7      | Received a gift from Trog
  6671 | D:7      | Reached skill level 10 in Axes
  6674 | D:7      | Reached XP level 9. HP: 47/78 MP: 8/8
  6997 | D:7      | Reached skill level 11 in Axes
  7313 | D:8      | Reached skill level 5 in Dodging
  7330 | D:8      | Found Kocico's General Store.
  7336 | D:8      | Found Wumiu's Antique Weapon Emporium.
  7336 | D:8      | Paralysed by fainting for 5 turns
  7384 | D:8      | Bought a wand of iceblast (4) for 96 gold pieces
  7396 | D:8      | Bought a potion of curing for 36 gold pieces
  7404 | D:8      | Found Appeon's Magic Scroll Boutique.
  7407 | D:8      | Bought a scroll of identify for 24 gold pieces
  7407 | D:8      | Bought a scroll of blinking for 90 gold pieces
  7407 | D:8      | Bought a scroll of identify for 24 gold pieces
  7433 | D:8      | Reached skill level 12 in Axes
  7616 | D:8      | Found Jefed's Food Shop.
  7663 | D:8      | Found Zojel's Antique Armour Boutique.
  7672 | D:8      | Bought a pair of gloves for 81 gold pieces
  7726 | D:8      | Found a shimmering altar of Xom.
  7727 | D:8      | Found a shimmering altar of Xom.
  7727 | D:8      | Found a shimmering altar of Xom.
  8043 | D:9      | Reached XP level 10. HP: 90/90 MP: 9/9
  8454 | D:9      | Reached skill level 13 in Axes
  8476 | D:9      | Found a shimmering altar of Xom.
  8729 | D:9      | Found an opulent altar of Gozag.
  8740 | D:9      | Received a gift from Trog
  8798 | D:9      | Noticed Grum
  8812 | D:9      | Killed Grum
  9169 | D:10     | Entered Level 10 of the Dungeon
  9195 | D:10     | Noticed an oklob plant
  9200 | D:10     | Reached skill level 10 in Fighting
  9279 | D:10     | Found Nemy's Distillery.
  9290 | D:10     | Found a staircase to the Lair.
  9324 | D:10     | Reached skill level 14 in Axes
  9417 | D:10     | Found a flagged portal.
  9429 | Bailey   | Entered a bailey
  9573 | Bailey   | Noticed an orc knight
  9618 | Bailey   | Received a gift from Trog
  9629 | Bailey   | Killed an orc knight
 10348 | D:10     | Killed an oklob plant
 10348 | D:10     | Reached skill level 15 in Axes
 10348 | D:10     | Reached XP level 11. HP: 64/99 MP: 10/10
 10559 | D:11     | Noticed a centaur warrior
 10570 | D:11     | Killed a centaur warrior
 10637 | D:11     | Noticed a red ugly thing
 10644 | D:11     | Killed a red ugly thing
 10804 | D:11     | Reached skill level 16 in Axes
 10861 | D:11     | Found a staircase to the Orcish Mines.
 10884 | Orc:1    | Entered Level 1 of the Orcish Mines
 10954 | Orc:1    | Noticed Nergalle
 11080 | D:11     | Found a roughly hewn altar of Beogh.
 11268 | Orc:1    | Killed Nergalle
 11480 | D:11     | Noticed a seven-headed hydra
 11481 | D:11     | Noticed a two-headed ogre
 11490 | D:11     | Killed a three-headed hydra
 11493 | D:11     | Killed a two-headed ogre
 11493 | D:11     | Reached skill level 17 in Axes
 11661 | D:11     | Reached skill level 19 in Axes
 11661 | D:11     | Reached XP level 12. HP: 106/106 MP: 11/11
 11789 | Lair:1   | Entered Level 1 of the Lair of Beasts
 12379 | Lair:1   | Noticed Gastronok
 12408 | Lair:1   | Killed Gastronok
 12660 | Lair:1   | Received a gift from Trog
 12934 | Lair:1   | Reached skill level 20 in Axes
 12942 | Lair:1   | Identified Zesauckodwa's Disquisition on the Harmful
                  | Traveller
 13221 | Lair:2   | Reached XP level 13. HP: 113/113 MP: 12/12
 13268 | Lair:2   | Reached skill level 1 in Evocations
 14165 | Lair:3   | Found a staircase to the Snake Pit.
 14524 | Lair:3   | Found a staircase to the Shoals.
 14967 | Lair:4   | Reached skill level 10 in Armour
 15179 | Lair:4   | Received a gift from Trog
 15410 | Lair:4   | Got a warped dagger
 16195 | Lair:5   | Found a runed translucent door.
 16196 | Lair:5   | Found a shimmering altar of Xom.
 16196 | Lair:5   | Noticed Pyiniag's ghost (journeyman VSWn)
 16815 | Lair:5   | Reached XP level 14. HP: 127/127 MP: 16/16
 17366 | Lair:6   | Entered Level 6 of the Lair of Beasts
 17545 | Lair:6   | Reached skill level 5 in Evocations
 17584 | Lair:6   | Received a gift from Trog
 18268 | Lair:6   | Found a staircase to the Slime Pits.
 18896 | Lair:6   | Found the +8 Wrath of Trog {antimagic, *Rage}
 19278 | Lair:6   | HP: 2/132 [drowned by a drowned soul[a merfolk avatar]
                  | (12)]
 20003 | Orc:1    | Received a gift from Trog
 20229 | Orc:2    | Entered Level 2 of the Orcish Mines
 20309 | Orc:2    | Found a staircase to the Elven Halls.
 20338 | Orc:1    | HP: 2/133 [orc priest/divine providence (12)]
 21023 | Orc:2    | Received a gift from Trog
 21037 | Orc:2    | Found Doarregh's Distillery.
 21100 | Orc:2    | Found Erra Ena's Book Shop.
 21122 | Orc:2    | Found a radiant altar of Vehumet.
 21123 | Orc:2    | Noticed Erolcha
 21133 | Orc:2    | Killed Erolcha
 21138 | Orc:2    | Found Haezebli's Antique Weapon Shop.
 21207 | Orc:2    | Found an ancient bone altar of Kikubaaqudgha.
 21300 | Orc:2    | Found a roughly hewn altar of Beogh.
 21567 | Orc:2    | Found Panoqeva's Antique Weapon Boutique.
 21645 | Orc:2    | Bought a potion of experience for 650 gold pieces
 21645 | Orc:2    | Bought a potion of heal wounds for 65 gold pieces
 21645 | Orc:2    | Bought a potion of agility for 52 gold pieces
 21645 | Orc:2    | Bought a potion of haste for 130 gold pieces
 21654 | Orc:2    | Reached XP level 15. HP: 139/139 MP: 18/20
 22269 | D:12     | Received a gift from Trog
 22618 | D:12     | Reached XP level 16. HP: 139/147 MP: 21/21
 22837 | D:12     | Reached skill level 15 in Fighting
 23043 | D:12     | Noticed Psyche
 23053 | D:12     | Killed Psyche
 23459 | D:13     | Noticed Frances
 23473 | D:13     | Gained mutation: Your magical capacity is low. (-10% MP) [a
                  | neqoxec]
 23478 | D:13     | Killed Frances
 23656 | D:13     | Received a gift from Trog
 23820 | D:13     | Found a gate to the Vaults.
 24192 | D:13     | Reached skill level 10 in Evocations
 24663 | D:14     | Received a gift from Trog
 24799 | D:14     | Reached skill level 15 in Armour
 24926 | D:14     | Noticed Roxanne
 24995 | D:14     | Killed Roxanne
 25579 | D:14     | Found Kusy Locroh's Blood Bar.
 25799 | D:15     | Entered Level 15 of the Dungeon
 25830 | D:15     | Found an ornate altar of the Wu Jian Council.
 25890 | D:15     | Received a gift from Trog
 26029 | D:15     | Found a staircase to the Depths.
 26291 | D:15     | Found a frozen archway.
 26300 | IceCv    | Entered an ice cave
 26556 | IceCv    | Got an ivory halberd
 26813 | D:15     | Found a glowing golden altar of the Shining One.
 26922 | D:15     | Identified the cursed +1 halberd "Ohaset" {speed, *Contam
                  | Int+3 SInv} (You found it in an ice cave)
 27669 | Snake:1  | Entered Level 1 of the Snake Pit
 27771 | Snake:1  | Received a gift from Trog
 28138 | Snake:1  | Found Koffusi's Food Emporium.
 28151 | Snake:1  | Reached XP level 17. HP: 152/161 MP: 15/21
 29134 | Snake:1  | Noticed Agnes
 29148 | Snake:1  | HP: 2/161 [Agnes/+5 lajatang of electrocution (18)]
 29150 | Snake:1  | Mangled by Agnes

Levels and vault maps discovered:
D:1:      ldierk_water_garden, layout_loops_corners, serial_forest,
          infiniplex_forest_lined_2, infiniplex_forest_straight_2,
          infiniplex_forest_end_1, infiniplex_forest_clump_C,
          infiniplex_forest_lined_1, infiniplex_forest_zigzag_2
D:2:      layout_basic, gammafunk_temple_overflow_claw, grunt_qazlal_sundering
D:3:      layout_loops_ring, fedhas_altar_1, minmay_cut_off
D:4:      layout_basic
D:5:      layout_basic, nicolae_ru_path_of_blood, first_ration
D:6:      layout_basic, minmay_temple_entry_large_hall,
          cheibrodos_sewer_entry_bend, gammafunk_ghost_abyssal_escape,
          kennysheep_small_spiral, lemuel_another_geyser
D:7:      layout_cave_pools, grunt_livestock, hangedman_decor_lopped
D:8:      layout_basic, serial_shops, shop, shop,
          nicolae_shop_temple_entry_statues_fountains,
          nicolae_shop_behind_doors, shop, chequers_mini_garden, xom_redecorated
D:9:      layout_stronghold, nicolae_overflow_hidden_temple, lemuel_round_altar,
          uniq_grum
D:10:     layout_rooms, dpeg_oklobed_lair, serial_shops,
          nicolae_shop_window_shopping, enter_bailey_3, nicolae_zen_rock_garden
D:11:     layout_roguey, minmay_orc_entry_temple_small
D:12:     cheibrodos_magma_flow, layout_irregular_city, uniq_psyche
D:13:     layout_basic, grunt_vaults_entry_tiered, uniq_frances
D:14:     layout_basic, guppyfry_shop_blood, uniq_roxanne
D:15:     hangedman_depths_entry_try_elsewhere_first, layout_cave_pools,
          basic_altar, tso_altar, portal_ice_cave_entry_pillars_1
Temple:   regret_index_temple_waves
Lair:1:   dpeg_oklob_gauntlet, layout_regular_city, serial_bayou_lake_a,
          lemuel_fruit_fields, uniq_gastronok
Lair:2:   layout_regular_city
Lair:3:   layout_loops_ring, elwin_shoals_entry_rocks, dummy_snake_entry
Lair:4:   onia_ninara_swampy_vault, layout_loops_ring, grunt_megastairs_2,
          serial_bayou_shore_a, infiniplex_staircase_pool_2
Lair:5:   beast_lair_carwin_large_4, layout_layer_cave, ebering_ghost_xom,
          small_statue_intersection
Lair:6:   gammafunk_lair_ancient_temple, layout_cave_pods,
          nicolae_slime_entry_slimehenge
Snake:1:  layout_chambers, serial_shops, shop, uniq_agnes
Orc:1:    layout_caves, uniq_nergalle
Orc:2:    kennysheep_orc_mage_school, layout_diamond_mine

Skill      XL: |  1  2  3  4  5  6  7  8  9 10 11 12 13 14 15 16 |
---------------+-------------------------------------------------+-----
Axes           | 4 5 6 7 10 12 15 19 20 | 20.9
Fighting       | 4 5 6 8 10 12 14 17 | 17.0
Armour         | 4 5 7 8 11 13 14 16 | 16.0
Dodging        | 3 5 6 |  6.0
Evocations     | 4 8 9 10 | 10.0

Action                   |  1- 3 |  4- 6 |  7- 9 | 10-12 | 13-15 | 16-18 || total
-------------------------+-------+-------+-------+-------+-------+-------++-------
Melee: Hand axe          |    90 |   143 |   179 |     7 |    10 |       ||   429
       Headbutt          |    17 |    17 |    42 |    71 |   151 |   132 ||   430
       Battleaxe         |       |       |   110 |   316 |   677 |   408 ||  1511
       Whip              |       |       |     6 |       |       |       ||     6
       War axe           |       |       |       |       |    29 |       ||    29
       Executioner's axe |       |       |       |       |       |   145 ||   145
Throw: Dart              |       |       |     2 |       |     2 |     1 ||     5
       Throwing net      |       |       |       |       |       |     1 ||     1
Invok: Berserk           |       |       |     3 |     3 |     2 |       ||     8
       Trog's Hand       |       |       |       |       |     9 |     4 ||    13
Evoke: Wand              |       |       |       |     3 |     3 |     1 ||     7
  Use: Scroll            |       |    13 |     9 |     3 |     7 |     7 ||    39
       Potion            |       |       |       |     1 |    10 |     1 ||    12
 Stab: Paralysed         |       |       |       |       |     2 |       ||     2
  Eat: Chunk             |     3 |     6 |    21 |    17 |    29 |     6 ||    82
       Ration            |       |       |       |     1 |     2 |     5 ||     8
Armor: Animal skin       |     5 |       |       |       |       |       ||     5
       Chain mail        |    32 |    93 |   170 |       |       |       ||   295
       Scale mail        |       |       |     9 |   133 |   361 |   238 ||   741
Dodge: Dodged            |    46 |    67 |   178 |   266 |   441 |   300 ||  1298
Block: Other             |       |       |       |       |       |    56 ||    56
       Reflection        |       |       |       |       |       |     5 ||     5

Table legend:
 A = Non-vault XP
 B = Vault XP
 C = Vault XP percentage of total XP
 D = Non-vault monster count
 E = Vault monster count
 F = Vault count percentage of total count
                 A         B        C        D         E       F
            +---------+---------+-------+---------+---------+-------
      Total |  107110 |   53158 |  33.2 |     624 |     261 |  29.5
            +---------+---------+-------+---------+---------+-------
        D:1 |      37 |       0 |   0.0 |      25 |       0 |   0.0
        D:2 |      59 |       0 |   0.0 |      23 |       0 |   0.0
        D:3 |      71 |      19 |  21.1 |      28 |       4 |  12.5
        D:4 |     374 |       0 |   0.0 |       9 |       0 |   0.0
        D:5 |     359 |       0 |   0.0 |       8 |       0 |   0.0
        D:6 |     741 |      10 |   1.3 |      22 |       2 |   8.3
        D:7 |     906 |     989 |  52.2 |      22 |       5 |  18.5
        D:8 |    1516 |       0 |   0.0 |      27 |       0 |   0.0
        D:9 |    2326 |     421 |  15.3 |      32 |       3 |   8.6
       D:10 |    1538 |     542 |  26.1 |      21 |       5 |  19.2
       D:11 |    4946 |     424 |   7.9 |      20 |      13 |  39.4
       D:12 |    7998 |    1514 |  15.9 |      60 |       8 |  11.8
       D:13 |    8603 |   10761 |  55.6 |      44 |      26 |  37.1
       D:14 |   10032 |    2079 |  17.2 |      39 |       4 |   9.3
       D:15 |   19586 |    2851 |  12.7 |      45 |       4 |   8.2
     Lair:1 |    3317 |    2748 |  45.3 |      16 |       2 |  11.1
     Lair:2 |    4822 |       0 |   0.0 |      21 |       0 |   0.0
     Lair:3 |    3139 |       0 |   0.0 |       9 |       0 |   0.0
     Lair:4 |    4793 |    5356 |  52.8 |      27 |      13 |  32.5
     Lair:5 |    7750 |    4701 |  37.8 |      28 |      15 |  34.9
     Lair:6 |    9746 |    8322 |  46.1 |      30 |      30 |  50.0
    Snake:1 |    9567 |       0 |   0.0 |      18 |       0 |   0.0
      Orc:1 |    3854 |     816 |  17.5 |      41 |       1 |   2.4
      Orc:2 |    1030 |    7260 |  87.6 |       9 |      33 |  78.6
      Sewer |       0 |     341 | 100.0 |       0 |      48 | 100.0
     Bailey |       0 |     853 | 100.0 |       0 |      34 | 100.0
      IceCv |       0 |    3151 | 100.0 |       0 |      11 | 100.0
            +---------+---------+-------+---------+---------+-------
